 Dungeon Crawl Stone Soup version 0.21-a0-404-g291f19a (webtiles) character file.

1155 tof the Twirler (level 8, -3/48 HPs)
             Began as a Gargoyle Gladiator on Oct 28, 2017.
             Killed by divine providence
             ... invoked by an orc priest
              (14 damage)
             ... on level 6 of the Dungeon.
             The game lasted 00:08:37 (5062 turns).

tof the Twirler (Gargoyle Gladiator)                Turns: 5062, Time: 00:08:38

Health: -3/48      AC: 17    Str: 19    XL:     8   Next: 39%
Magic:  8/8        EV:  8    Int:  8    God:
Gold:   318        SH:  3    Dex: 13    Spells: 7/7 levels left

rFire    . . .     SeeInvis .   a - +0 quarterstaff
rCold    . . .     Gourm    .   (shield currently unavailable)
rNeg     + . .     Faith    .   m - +0 chain mail
rPois    ∞         Spirit   .   j - +1 hat
rElec    +         Reflect  +   (no cloak)
rCorr    .         Harm     .   p - +0 pair of gloves
MR       .....                  (no boots)
Stlth    ..........             q - +3 amulet of reflection
HPRegen  0.16/turn              (no ring)
MPRegen  0.11/turn              (no ring)

@: drained
A: negative energy resistance 1, electricity resistance, unbreathing,
petrification resistance, rot immunity, AC +5
a: no special abilities


You were on level 6 of the Dungeon.
You were not hungry.

You visited 1 branch of the dungeon, and saw 6 of its levels.

You collected 318 gold pieces.

Inventory:

Hand Weapons
 a - a +0 quarterstaff (weapon)
 b - a +0 blowgun
Missiles
 d - 3 throwing nets
 v - 3 tomahawks (quivered)
Armour
 j - a +1 hat (worn)
 m - a +0 chain mail (worn)
 p - a +0 pair of gloves (worn)
Jewellery
 q - a +3 amulet of reflection (around neck)
 x - an uncursed amulet of harm
Scrolls
 e - 2 scrolls of remove curse {unknown}
 i - 7 scrolls of identify {unknown}
 k - a scroll of fear {unknown}
 r - 3 scrolls of teleportation {unknown}
 s - a scroll of enchant weapon {unknown}
 w - 2 scrolls of enchant armour {unknown}
Potions
 c - a potion of magic {unknown}
 h - 4 potions of heal wounds {unknown}
 l - a potion of haste {unknown}
 u - 2 potions of resistance {unknown}
 z - 2 potions of lignification {unknown}
Books
 t - a book of Necromancy

   Spells                             Type                      Level
   a - Pain                           Necromancy                   1
   b - Animate Skeleton               Necromancy                   1
   c - Vampiric Draining              Necromancy                   3
   d - Regeneration                   Charms/Necromancy            3
   e - Animate Dead                   Necromancy                   4
   f - Control Undead                 Necromancy                   4
Comestibles
 f - 3 bread rations
 g - 5 meat rations
 n - 2 royal jellies
 o - 5 fruits
 A - 8 chunks of flesh


   Skills:
 + Level 4.4(3.4) Fighting
 * Level 6.0(4.9) Staves
 + Level 3.5(2.5) Throwing
 * Level 5.5(4.5) Armour
 + Level 3.8(2.8) Dodging


You had 7 spell levels left.
You didn't know any spells.

Dungeon Overview and Level Annotations

Branches:
Dungeon (6/15)
 Temple: D:4-7

Altars:
Makhleb
Ru
Uskayaw

Annotations:
D:3 Grinder


Innate Abilities, Weirdness & Mutations

You are resistant to torment.
Your stone body is resilient. (AC +5)
You are immune to poison.
You resist negative energy. (rN+)
You are resistant to electric shocks. (rElec)
You can survive without breathing.
You are immune to petrification.
You are immune to rotting.


Message History

You sock the orc!
You kill the orc!
You barely miss the orc priest.
The orc priest mumbles some strange prayers to Beogh against you.
Beogh smites you!
* * * LOW HITPOINT WARNING * * *
You barely miss the orc priest. The orc priest completely misses you.
The orc priest hits you but does no damage.
You sock the orc priest!
The orc priest is heavily wounded.
You block the orc priest's attack. The orc priest barely misses you.
You closely miss the orc priest.
The orc priest is heavily wounded.
The orc priest casts a cantrip, but nothing happens.
The orc priest looks encouraged for a moment.
You hit the orc priest.
The orc priest is severely wounded.
The orc priest mumbles some strange prayers to Beogh against you.
Beogh smites you!
You die...

#.........<...
######.......#
#.###.###
##.###.#
#####...##.#
......#....#
.####...####
##.##
#.#####@#
#.$>..oo#
#########


You could see 2 orc priests.

Vanquished Creatures
  The ghost of Rhok the Ruffian, an amateur MiAM (D:5)
  The ghost of asdu the Slasher, an amateur HaCK of Xom (D:3)
  A centaur (D:5)
  Blork the orc (D:4)
  2 bullfrogs (D:6)
  Dowan (D:3)
  A howler monkey (D:4)
  A crimson imp (D:5)
  3 orc wizards
  3 orc priests
  An iguana (D:4)
  2 worker ants (D:4)
  4 gnolls
  2 adders (D:4)
  2 oozes (D:1)
  2 adder skeletons (D:4)
  An adder zombie (D:6)
  2 dart slugs
  A leopard gecko (D:2)
  18 orcs
  2 ball pythons
  2 giant cockroaches
  4 goblins
  8 hobgoblins
  4 jackals (D:4)
  4 quokkas
  6 bats
  3 frilled lizards
  A giant cockroach zombie (D:3)
  8 kobolds
  4 rats
96 creatures vanquished.

Vanquished Creatures (others)
  Duvessa (D:3)
1 creature vanquished.

Grand Total: 97 creatures vanquished

Notes
Turn   | Place    | Note
-------+----------+-------------------------------------------
     0 | D:1      | tof the Gargoyle Gladiator began the quest for the Orb.
     0 | D:1      | Reached XP level 1. HP: 12/12 MP: 1/1
   174 | D:1      | Reached XP level 2. HP: 15/18 MP: 2/2
   263 | D:1      | Reached skill level 1 in Armour
   381 | D:1      | Reached XP level 3. HP: 22/22 MP: 3/3
  1342 | D:1      | Reached XP level 4. HP: 14/27 MP: 4/4
  2014 | D:3      | Noticed asdu's ghost (amateur HaCK)
  2036 | D:3      | Killed asdu's ghost
  2036 | D:3      | Reached skill level 4 in Staves
  2036 | D:3      | Reached XP level 5. HP: 16/32 MP: 5/5
  2190 | D:3      | Noticed Grinder
  2301 | D:4      | Reached XP level 6. HP: 37/37 MP: 6/6
  2675 | D:4      | Noticed Blork the orc
  2689 | D:4      | Killed Blork the orc
  2896 | D:4      | Reached XP level 7. HP: 35/41 MP: 7/7
  3067 | D:4      | Found a sacrificial altar of Ru.
  3074 | D:4      | Found a burning altar of Makhleb.
  3075 | D:4      | Found a hide-covered altar of Uskayaw.
  3230 | D:4      | Noticed Duvessa
  3230 | D:4      | Noticed Dowan
  3264 | D:3      | Killed Duvessa
  3264 | D:3      | Reached skill level 5 in Staves
  3277 | D:3      | Killed Dowan
  3790 | D:5      | Entered Level 5 of the Dungeon
  3793 | D:5      | Noticed Rhok's ghost (amateur MiAM)
  3826 | D:5      | Killed Rhok's ghost
  3826 | D:5      | Reached XP level 8. HP: 39/48 MP: 8/8
  3988 | D:5      | Reached skill level 5 in Armour
  5001 | D:6      | Reached skill level 6 in Staves
  5062 | D:6      | Killed from afar by an orc priest

Vault maps used:
D:1:      nicolae_arrival_washed_ashore, st_stairs_5
D:2:      first_bread
D:3:      serial_undead, serial_undead_b, serial_undead_b, serial_undead_b,
          serial_undead_e, minivault_24, minmay_goblin_kobold_house,
          uniq_grinder
D:4:      grunt_temple_overflow_open, kennysheep_generic_room_7, uniq_duvessa,
          uniq_blork_the_orc
D:6:      nicolae_overflow_crystal_walls, marbit_many_paths,
          kennysheep_mini_moat, kennysheep_little_box

Skill      XL: |  1  2  3  4  5  6  7  8 |
---------------+-------------------------+-----
Armour         | 1 2 3 4 5 |  5.5
Throwing       | 2 3 |  3.5
Fighting       | 3 4 |  4.4
Staves         | 4 5 6 |  6.0
Dodging        | 3 |  3.8

Action                   |  1- 3 |  4- 6 |  7- 9 || total
-------------------------+-------+-------+-------++-------
Melee: Quarterstaff      |    89 |   146 |   202 ||   437
 Stab: Invisible         |       |     2 |       ||     2
  Eat: Chunk             |     1 |     5 |     5 ||    11
       Bread ration      |       |       |     1 ||     1
Armor: Leather armour    |    38 |       |       ||    38
       Chain mail        |    12 |   105 |   166 ||   283
Dodge: Dodged            |    81 |    97 |   111 ||   289
Block: Other             |       |       |     6 ||     6

Table legend:
 A = Spawn XP
 B = Non-spawn XP
 C = Spawn XP percentage of total XP
 D = Spawn monster count
 E = Non-spawn monster count
 F = Spawn count percentage of total count
 G = Total turns spent on level
                    A         B        C        D         E        F      G
               +---------+---------+-------+---------+---------+-------+---------
         Total |       0 |    1651 |   0.0 |       0 |      97 |   0.0 |  5062
               +---------+---------+-------+---------+---------+-------+---------
           D:1 |       0 |      88 |   0.0 |       0 |      23 |   0.0 |  1416
           D:2 |       0 |      39 |   0.0 |       0 |      18 |   0.0 |   612
           D:3 |       0 |     381 |   0.0 |       0 |      10 |   0.0 |   438
           D:4 |       0 |     510 |   0.0 |       0 |      33 |   0.0 |  1324
           D:5 |       0 |     441 |   0.0 |       0 |       8 |   0.0 |  1173
           D:6 |       0 |     192 |   0.0 |       0 |       5 |   0.0 |    99
               +---------+---------+-------+---------+---------+-------+---------
